cohdb
Replays
Latest Replays
All Replays
Popular Replays
Top Player Replays
Match Explorer
How It Works
Community
CoH3 Stats
Reddit
Sign in to upload your games and track your stats! →
Sign in with Steam
Match 19646289
Unlisted
Match 19646289
Overview
Messages
Build Orders
End
Kradschützen Motorcycle Team
Kradschützen Motorcycle Team
250 Light Carrier
Construct Light Support Kompanie
Assault Grenadier Squad
Assault Grenadier Squad
Selects Armored Support Battlegroup
Selects Superior Fire Drills
Panzerjäger Squad
Panzerjäger Squad
Assault Mechanized Group
Construct Mechanized Kompanie
Support Armor Elements
2.5-tonne Medical Truck
Selects Salvage Kits
Selects Panzer Storm
StuG III D Assault Gun
Marder III Tank Destroyer
StuG III D Assault Gun
Vehicle Survival Package
Tungsten Core Ammunition
Selects Stuka Anti-tank Loiter
Construct Panzerarmee Kommand
Panzer III L Medium Tank
Selects Flammpanzer III Medium Tank Sd.Kfz. 141
Stuka Anti-tank Loiter
MonoChrome
PouK-ON #FrenchBanBan
0
0
Comments
sign in to comment!
No comments posted yet!